 Dungeon Sprint DCSS version 0.27-a0-412-g8dd771eca2 (webtiles) character file.

Game seed: 16886102352817617164

13260 Gaff the Phalangite (level 11, -3/108 HPs)
             Began as a Minotaur Berserker on Feb 24, 2021.
             Was the Champion of Trog.
             Slain by a lorocyproca (33 damage)
             ... in the Dungeon (Sprint I: "Red Sonja").
             The game lasted 00:26:29 (3322 turns).

Gaff the Phalangite (Minotaur Berserker)            Turns: 3322, Time: 00:26:29

Health: -3/108     AC:  9    Str: 21      XL:     11   Next: 73%
Magic:  0/2        EV: 19    Int:  2      God:    Trog [******]
Gold:   694        SH:  0    Dex:  8 (10) Spells: 10/10 levels left

rFire    . . .     SeeInvis .   p - +4 bardiche (antimagic)
rCold    . . .     Faith    .   (shield currently unavailable)
rNeg     + . .     Spirit   .   D - +2 ring mail {rN+}
rPois    .         Reflect  .   (helmet restricted)
rElec    +         Harm     .   (no cloak)
rCorr    .         Rampage  .   (no gloves)
Will     .....     NoTele   +   u - +1 pair of boots
Stlth    ++........             s - amulet of the Air {Inacc +Fly rElec EV+5 RMsl}
HPRegen  0.28/turn              (no ring)
MPRegen  0.08/turn              (no ring)

@: repel missiles
A: retaliatory headbutt, horns 2, blurry vision 1, deformed body, deterioration
1, dopey 1, frail 1, low mp 1, screaming 1, weak 2
a: Renounce Religion, Evoke Flight, Berserk, Trog's Hand, Brothers in Arms


You were in the Dungeon.
You worshipped Trog.
Trog was exalted by your worship.
You visited 1 branch You collected 1598 gold pieces.
You spent 904 gold pieces at shops.

Inventory:

Hand Weapons
 a - a +0 spear
 b - the +10 glaive of Disorder {vorpal, rF+ rC+ Will+ Int-2 Dex+4}
   (Trog gifted it to you in the Dungeon)

   It inflicts extra damage upon your enemies.
   It affects your intelligence (-2).
   It affects your dexterity (+4).
   It protects you from fire.
   It protects you from cold.
   It affects your willpower, your defense against some magical effects.
 i - a +1 vorpal mace
 j - a +0 vorpal scythe
 k - a +0 hunting sling
 l - a +5 great mace
 m - a +1 short sword of venom
 p - a +4 antimagic bardiche (weapon)
 v - a +0 shortbow of flaming
 x - a +5 glaive of flaming
 y - a +4 antimagic halberd
 z - a +1 antimagic halberd
 C - a +2 great sword of holy wrath
Missiles
 n - 6 curare-tipped darts
 o - 59 arrows
Armour
 u - a +1 pair of boots (worn)
 A - the +3 leather armour "Vuer" {rF- Regen+ Str+8 Int-2}
   (You found it in the Dungeon)

   It affects your strength (+8).
   It affects your intelligence (-2).
   It makes you vulnerable to fire.
   It increases your rate of regeneration.
 D - a +2 ring mail of positive energy (worn)
 E - a +2 chain mail of willpower
Jewellery
 s - the amulet of the Air (around neck) {Inacc +Fly rElec EV+5 RMsl}
   (You bought it in a shop in the Dungeon)

   [amulet of nothing]

   It affects your evasion (+5).
   It insulates you from electricity.
   It lets you fly.
   It protects you from missiles.
Wands
 B - a wand of paralysis (6)
Scrolls
 h - a scroll of blinking
 q - 2 scrolls of identify {unknown}
 r - a scroll of amnesia {unknown}
Potions
 c - a potion of curing
 d - 2 potions of heal wounds
 e - a potion of haste
 f - 2 potions of magic
 g - a potion of berserk rage
 w - a potion of flight {unknown}
 G - a potion of degeneration
Miscellaneous
 F - a tin of tremorstones (2/2)


   Skills:
 + Level 18.4 Fighting
 + Level 22.1 Polearms
 + Level 12.0 Armour
 + Level 10.5 Dodging
 + Level 4.6 Stealth


You had 10 spell levels left.
You didn't know any spells.
Your spell library was empty.

Dungeon Overview and Level Annotations

Branches:
Dungeon (1/1)

Altars:
Cheibriados
Dithmenos
Elyvilon
Fedhas
Gozag
Hepliaklqana
Kikubaaqudgha
Makhleb
Nemelex Xobeh
Okawaru
Qazlal
Ru
Sif Muna
Trog
Uskayaw
Vehumet
Wu Jian
Xom
Yredelemnul
Zin
The Shining One
Jiyva
Lugonu

Shops:
D :=*(:?*=:*!!*=!?[??*


Innate Abilities, Weirdness & Mutations

You reflexively headbutt those who attack you in melee.
You have a pair of horns on your head.
Scrolls take you a little longer to read.
Armour fits poorly on your strangely shaped body.
Your body sometimes deteriorates upon taking damage.
You are dopey. (Int -2)
You are frail. (-10% HP)
Your magical capacity is low. (-10% MP)
You occasionally shout uncontrollably at your foes.
You are very weak. (Str -4)


Message History

There is an open door here.
There is an open door here.
You are engulfed in noxious fumes.
You are engulfed in noxious fumes.
You choke on the stench!
You are confused.
You are engulfed in noxious fumes.
You choke on the stench!
You are more confused.
You bump into the stone wall.
You feel less confused. As you open the door, it creaks loudly!
A meliai comes into view. It is wielding a +0 war axe.
The meliai buzzes angrily.
The meliai invokes the aid of its god against you.
Something smites you!
Found 162 gold pieces.
You close the door.
You open the door.
Found 15 gold pieces.
There is an open door here.
You now have 694 gold pieces (gained 15).
You start resting.
There is a strange disturbance nearby!
There is a strange disturbance nearby!
There is a strange disturbance nearby!
There is a strange disturbance nearby!
Something hits you.
You feel your power leaking away.
Deactivating autopickup; reactivate with Ctrl-A.
Something hits you!!
Your body deteriorates!
You feel clumsy.
Really walk into a travel-excluded area? [Y]es or [N]o only, please.
Really walk into a travel-excluded area?
You closely miss something. Something hits you!
Really walk into a travel-excluded area?
You slash something! Something hits you!!
* * * LOW HITPOINT WARNING * * *
Really walk into a travel-excluded area?
You barely miss something. Something hits you!!
You die...

##.#§≈§..#..##'####^.$#y#.#
#_.§§§§..'..#.○○^^#..$###..
.._#)§§..#..#.°☼..+..$$$##.#
.#'##§#####'###°°.# .##
'#.#....# #.'.#...# ##..
.####'### ###.#°^## +##
..÷.....+ #.#^.#
..###########.##'#
.###.......##.##@#
'#.#........§.####
...#++.######§#
...#.....§.§#§#
####....§§.#'§#
..........≈#### .........§§#
.......≈≈≈## ##..≈≈≈≈###


There were no monsters in sight!

Vanquished Creatures
  2 centaur warriors (D)
  Sonja (D)
  A deep troll (D)
  2 unseen horrors (D)
  A lindwurm (D)
  8 shining eyes (D)
  An oklob plant (D)
  A gargoyle (D)
  4 demonic crawlers (D)
  2 kobold demonologists (D)
  A hornet (D)
  A slime creature (D)
  Sigmund (D)
  A yak (D)
  2 redbacks (D)
  13 hogs (D)
  6 floating eyes (D)
  7 necrophages (D)
  An ogre (D)
  8 jellies (D)
  Ijyb (D)
65 creatures vanquished.

Vanquished Creatures (others)
  2 ballistomycete spores (D)
2 creatures vanquished.

Grand Total: 67 creatures vanquished

Notes
Turn   | Place    | Note
-------+----------+-------------------------------------------
     0 | D        | Gaff the Minotaur Berserker began the quest for the Orb.
     0 | D        | Reached XP level 1. HP: 19/19 MP: 0/0
     1 | D        | Noticed Ijyb
    23 | D        | Killed Ijyb
    24 | D        | Reached skill level 5 in Fighting
    24 | D        | Reached skill level 5 in Polearms
    24 | D        | Reached XP level 2. HP: 16/30 MP: 1/1
   162 | D        | Noticed an ogre
   165 | D        | Killed an ogre
   166 | D        | Reached skill level 7 in Polearms
   166 | D        | Reached XP level 3. HP: 40/40 MP: 2/2
   166 | D        | Reached XP level 4. HP: 48/48 MP: 3/3
   220 | D        | Noticed Sigmund
   230 | D        | Killed Sigmund
   230 | D        | Reached ** piety under Trog
   231 | D        | Reached skill level 10 in Polearms
   231 | D        | Reached skill level 5 in Armour
   231 | D        | Reached XP level 5. HP: 27/58 MP: 4/4
   402 | D        | Found an ornate altar of the Wu Jian Council.
   402 | D        | Found a shimmering blue altar of Sif Muna.
   404 | D        | Found a radiant altar of Vehumet.
   408 | D        | Reached skill level 10 in Fighting
   408 | D        | Reached XP level 6. HP: 62/66 MP: 5/5
   443 | D        | Found Bahuj's Weapon Emporium.
   443 | D        | Found an ancient bone altar of Kikubaaqudgha.
   443 | D        | Found a hazy altar of Hepliaklqana.
   443 | D        | Found a stormy altar of Qazlal.
   443 | D        | Found a hide-covered altar of Uskayaw.
   443 | D        | Found a blossoming altar of Fedhas.
   443 | D        | Found a bloodstained altar of Trog.
   443 | D        | Found an iron altar of Okawaru.
   443 | D        | Found a basalt altar of Yredelemnul.
   443 | D        | Found a glowing golden altar of the Shining One.
   443 | D        | Found a snail-covered altar of Cheibriados.
   443 | D        | Found a sacrificial altar of Ru.
   443 | D        | Found a glowing silver altar of Zin.
   443 | D        | Found a shadowy altar of Dithmenos.
   443 | D        | Found a white marble altar of Elyvilon.
   443 | D        | Noticed a yak
   445 | D        | Killed a yak
   446 | D        | Reached skill level 11 in Polearms
   446 | D        | Reached skill level 5 in Dodging
   446 | D        | Found an opulent altar of Gozag.
   447 | D        | Found a sparkling altar of Nemelex Xobeh.
   470 | D        | Found a burning altar of Makhleb.
   470 | D        | Found a viscous altar of Jiyva.
   470 | D        | Found a shimmering altar of Xom.
   470 | D        | Found a corrupted altar of Lugonu.
   470 | D        | Noticed a slime creature
   475 | D        | Killed a slime creature
   475 | D        | Reached *** piety under Trog
   476 | D        | Reached skill level 12 in Polearms
   476 | D        | Reached XP level 7. HP: 63/75 MP: 6/6
   538 | D        | Noticed a centaur warrior
   538 | D        | Noticed a centaur warrior
   547 | D        | Noticed Sonja
   555 | D        | Killed Sonja
   556 | D        | Reached skill level 14 in Polearms
   556 | D        | Reached XP level 8. HP: 40/86 MP: 7/7
   754 | D        | Found Xuirete's Book Boutique.
   790 | D        | Noticed a deep troll
   798 | D        | Killed a deep troll
   799 | D        | Reached skill level 15 in Polearms
   978 | D        | Noticed a shining eye
   978 | D        | Noticed a shining eye
   978 | D        | Noticed a shining eye
   979 | D        | Gained mutation: You occasionally shout uncontrollably at
                  | your foes. [a shining eye]
   979 | D        | Gained mutation: Your body sometimes deteriorates upon
                  | taking damage. [a shining eye]
   981 | D        | Paralysed by a floating eye for 3 turns
   986 | D        | Reached **** piety under Trog
   987 | D        | Gained mutation: You are weak. (Str -2) [a shining eye]
   992 | D        | Killed a shining eye
   993 | D        | Reached skill level 16 in Polearms
   993 | D        | Reached skill level 1 in Stealth
   993 | D        | Reached XP level 9. HP: 96/96 MP: 8/8
   996 | D        | Killed a shining eye
   999 | D        | Gained mutation: Armour fits poorly on your strangely
                  | shaped body. [a shining eye]
  1000 | D        | Gained mutation: Your magical capacity is low. (-10% MP) [a
                  | shining eye]
  1001 | D        | Killed a shining eye
  1004 | D        | Noticed a shining eye
  1004 | D        | Noticed a shining eye
  1004 | D        | Noticed a shining eye
  1012 | D        | Killed a shining eye
  1012 | D        | Gained mutation: You are frail. (-10% HP) [a shining eye]
  1013 | D        | Reached skill level 15 in Fighting
  1013 | D        | Reached skill level 17 in Polearms
  1013 | D        | Gained mutation: Scrolls take you a little longer to read.
                  | [a shining eye]
  1013 | D        | Gained mutation: You are very weak. (Str -4) [a shining
                  | eye]
  1019 | D        | Killed a shining eye
  1019 | D        | Reached ***** piety under Trog
  1022 | D        | Killed a shining eye
  1023 | D        | Reached skill level 18 in Polearms
  1023 | D        | Reached skill level 10 in Armour
  1023 | D        | Reached XP level 10. HP: 95/95 MP: 8/8
  1029 | D        | Paralysed by a floating eye for 3 turns
  1038 | D        | Noticed a shining eye
  1038 | D        | Noticed a shining eye
  1047 | D        | Received a gift from Trog
  1050 | D        | Gained mutation: You are dopey. (Int -2) [a shining eye]
  1059 | D        | Killed a shining eye
  1062 | D        | Killed a shining eye
  1086 | D        | Found Nukkulil's Jewellery Shoppe.
  1086 | D        | Found Kitairpha's Book Shop.
  1086 | D        | Found Yleash's Assorted Antiques.
  1086 | D        | Found Jafosuem's Magic Scroll Boutique.
  1109 | D        | Bought a pair of glowing boots for 187 gold pieces
  1360 | D        | Killed a centaur warrior
  1361 | D        | Reached skill level 19 in Polearms
  1366 | D        | Killed a centaur warrior
  1670 | D        | Noticed an oklob plant
  1671 | D        | Killed an oklob plant
  1672 | D        | Reached skill level 20 in Polearms
  1687 | D        | Received a gift from Trog
  1715 | D        | Killed an unseen horror
  1716 | D        | Reached XP level 11. HP: 71/104 MP: 8/8
  1724 | D        | Killed an unseen horror
  1918 | D        | Reached ****** piety under Trog
  1920 | D        | Received a gift from Trog
  1958 | D        | Received a gift from Trog
  1961 | D        | Reached skill level 21 in Polearms
  1974 | D        | Got a smoking leather armour
  2028 | D        | Identified the +3 leather armour "Vuer" {rF- Regen+ Str+8
                  | Int-2} (You found it in the Dungeon)
  2028 | D        | Lost intelligence.
  2036 | D        | Found Dausux's Jewellery Shoppe.
  2036 | D        | Found Cuuhijo's Assorted Antiques.
  2036 | D        | Found Axeru's Book Boutique.
  2038 | D        | Found Oxkix's Assorted Antiques.
  2038 | D        | Found Leun's Distillery.
  2038 | D        | Found Borruzy's Distillery.
  2038 | D        | Found Finuupp's General Store.
  2038 | D        | Found Haob's Jewellery Emporium.
  2038 | D        | Found Xujuwn's Distillery.
  2038 | D        | Found Vaucik's Magic Scroll Shoppe.
  2039 | D        | Found Vewoci's Armour Boutique.
  2040 | D        | Found Plog's Magic Scroll Emporium.
  2040 | D        | Found Gohyiwk's Magic Scroll Boutique.
  2041 | D        | Found Kafeses's General Store.
  2065 | D        | Bought a potion of degeneration for 14 gold pieces
  2154 | D        | Paralysed by a floating eye for 2 turns
  2530 | D        | Received a gift from Trog
  2535 | D        | Got an ebony glaive {god gift}
  2536 | D        | Lost intelligence.
  2536 | D        | Identified the +10 glaive of Disorder {vorpal, rF+ rC+
                  | Will+ Int-2 Dex+4} (Trog gifted it to you in the Dungeon)
  2612 | D        | Noticed a lindwurm
  2620 | D        | Killed a lindwurm
  2621 | D        | Reached skill level 10 in Dodging
  2741 | D        | Received a gift from Trog
  2750 | D        | Reached skill level 22 in Polearms
  2753 | D        | Received a gift from Trog
  3122 | D        | Noticed a 12-headed hydra
  3220 | D        | Bought the amulet of the Air {Inacc +Fly rElec EV+5 RMsl}
                  | for 703 gold pieces
  3220 | D        | Found the amulet of the Air {Inacc +Fly rElec EV+5 RMsl}
  3322 | D        | Slain by a lorocyproca

Illustrated notes

Levels and vault maps discovered:
D:        dungeon_sprint_1 [red_sonja_temple_1, red_sonja_temple_small_1]

Skill      XL: |  1  2  3  4  5  6  7  8  9 10 11 |
---------------+----------------------------------+-----
Fighting       | 5 7 9 10 11 13 14 15 16 18 | 18.4
Polearms       | 5 7 10 12 14 16 18 20 22 | 22.1
Armour         | 3 4 5 6 7 8 10 11 12 | 12.0
Dodging        | 3 4 5 6 7 8 9 10 | 10.5
Stealth        | 1 3 4 |  4.6

Action                   |  1- 3 |  4- 6 |  7- 9 | 10-12 || total
-------------------------+-------+-------+-------+-------++-------
Melee: Spear             |    22 |     9 |       |       ||    31
       Headbutt          |       |     4 |     9 |    24 ||    37
       Scythe            |       |     9 |    40 |    13 ||    62
       Halberd           |       |       |       |    37 ||    37
       Glaive            |       |       |       |    65 ||    65
       Bardiche          |       |       |       |     3 ||     3
Invok: Berserk           |     1 |       |     2 |     2 ||     5
       Trog's Hand       |       |       |     2 |       ||     2
  Use: Potion            |       |       |     1 |     2 ||     3
 Stab: Sleeping          |       |       |       |     1 ||     1
Armor: Animal skin       |     1 |       |       |       ||     1
       Ring mail         |       |     2 |     4 |    18 ||    24
Dodge: Dodged            |    13 |     4 |    14 |    51 ||    82

Table legend: (Time is in decaauts)
 A = Elapsed time spent in this place.
 B = Non-inter-level travel time spent in this place.
 C = Inter-level travel time spent in this place.
 D = Time resting spent in this place.
 E = Time spent auto-exploring this place.
 F = Levels seen in this place.
 G = Mean time per level.
                   A        B        C        D        E       F      G
               +--------+--------+--------+--------+--------+-----+--------+
         Total |   3734 |   3567 |    167 |   2302 |      0 |   1 | 3734.0 |
       Dungeon |   3734 |   3567 |    167 |   2302 |      0 |   1 | 3734.0 |
               +--------+--------+--------+--------+--------+-----+--------+

Top non-repeatable levels by time:
       D: 3734 daAuts
